 Dungeon Sprint DCSS version 0.29.1-2-gbd0b4ee654 (webtiles) character file.

Game seed: 5011462329443294331

116 Arandomuser85 the Covert (level 4, 0/28 HPs)
             Began as a Vampire Brigand on Nov 18, 2022.
             Killed from afar by an oklob sapling priest (28 damage)
             ... with a splash of acid
             ... in the Dungeon (Sprint IV: "Fedhas' Mad Dash").
             The game lasted 00:01:02 (338 turns).

Arandomuser85 the Covert (Vampire Brigand)           Turns: 338, Time: 00:01:03

Health: 0/28       AC: -1    Str: 10    XL:     4   Next: 69%
Magic:  4/4        EV: 13    Int: 13    God:
Gold:   62         SH:  0    Dex: 17    Spells: 3/3 levels left

rFire   . . .      SeeInvis +   a - +2 dagger
rCold   + + .      Faith    .   (no shield)
rNeg    + + +      Spirit   .   b - +0 robe
rPois   ∞          Reflect  .   (no helmet)
rElec   .          Harm     .   c - +0 cloak
rCorr   .          Rampage  .   (no gloves)
Will    .....      NoTele   +   (no boots)
Stlth   +++++++...              (no amulet)
HPRegen 0.00/turn               (no ring)
MPRegen 0.09/turn               (no ring)

@: corroded, bloodless, inhibited regen
A: bloodless, fangs 3, see invisible, vampiric 2
a: Bat Form, Revivify


You were in the Dungeon.
You visited 1 branch You collected 62 gold pieces.

Inventory:

Hand Weapons
 a - a +2 dagger (weapon)
Missiles
 d - 9 poisoned darts (quivered)
 e - 3 curare-tipped darts
Armour
 b - a +0 robe (worn)
 c - a +0 cloak (worn)
Jewellery
 l - the amulet of invisibility {+Inv}
   (You found it in the Dungeon)

   [amulet of nothing]

   +Inv:      It lets you turn invisible.
Scrolls
 k - a scroll of blinking
Potions
 f - a potion of curing
 h - a potion of haste
 i - 2 potions of magic
 j - a potion of berserk rage
 m - a potion of might {unknown}
 n - a potion of attraction {unknown}


   Skills:
 * Level 3.1 Fighting
 * Level 4.1 Short Blades
 - Level 1.5 Throwing
 * Level 3.5 Dodging
 * Level 13.1 Stealth


You had 3 spell levels left.
You didn't know any spells.
Your spell library was empty.

Dungeon Overview and Level Annotations

Branches:
Dungeon (1/1)

Altars:
Cheibriados
Dithmenos
Gozag
Hepliaklqana
Kikubaaqudgha
Makhleb
Nemelex Xobeh
Okawaru
Qazlal
Ru
Sif Muna
Trog
Uskayaw
Vehumet
Wu Jian
Xom
Yredelemnul
Jiyva
Lugonu

Annotations:
D exclusion: oklob sapling


Innate Abilities, Weirdness & Mutations

You do not regenerate when monsters are visible.
You are frail without blood (-20% HP).
You can heal yourself when you bite living creatures.
You are immune to poison.
You have razor-sharp teeth.
You have supernaturally acute eyesight. (SInv)
You are afflicted with vampirism and can become a bat while bloodless.


Message History

Your Stealth skill increases to level 13!
Unknown command.
You now have 56 gold pieces (gained 7).
You now have 62 gold pieces (gained 6).
There is an open door here.
You open the door.
Really walk into a travel-excluded area? [Y]es or [N]o only, please.
Really walk into a travel-excluded area?
There is an open door here.
Found three altars.
There is an opulent altar of Gozag here.
Found a corrupted altar of Lugonu and a radiant altar of Vehumet.
There is a hazy altar of Hepliaklqana here.
The oklob sapling priest spits acid at you.
The splash of acid hits you!!
Ouch! That really hurt!
* * * LOW HITPOINT WARNING * * *
The acid corrodes you!
Unknown command.
Unknown command.
Unknown command.
You feel much better.
The oklob sapling priest begins to cast a cantrip, but forgets the words!
Unknown command.
You cannot raise a blood rage in your lifeless body.
Unknown command.
You hit the oklob sapling priest but do no damage.
You hit the oklob sapling priest but do no damage.
You bite the oklob sapling priest, but do no damage.
You hit the oklob sapling priest but do no damage.
You completely miss the oklob sapling priest.
The oklob sapling priest looks braver for a moment.
You hit the oklob sapling priest but do no damage.
You hit the oklob sapling priest but do no damage.
You bite the oklob sapling priest, but do no damage.
The oklob sapling priest spits acid at you.
The splash of acid hits you!!
Ouch! That really hurt!
You die...

########################
....#.....#.⌠._._._._.⌠.
(...'.#...'.._._@_._._..
....#.#...#..._._P_._...
########'##.._._._._._..
+...#._._._._._.⌠.
#...############## #####


You could see an oklob sapling priest.

Vanquished Creatures
  A scorpion (D)
  2 oklob saplings (D)
  A river rat (D)
  A rat (D)
5 creatures vanquished.

Notes
Turn   | Place    | Note
-------+----------+-------------------------------------------
     0 | D        | Arandomuser85 the Vampire Brigand began the quest for the
                  | Orb.
     0 | D        | Reached XP level 1. HP: 16/16 MP: 1/1
    16 | D        | Reached skill level 7 in Stealth
    16 | D        | Reached XP level 2. HP: 17/17 MP: 2/2
    18 | D        | Reached skill level 8 in Stealth
    19 | D        | Noticed an oklob sapling
    21 | D        | Killed an oklob sapling
    22 | D        | Reached skill level 10 in Stealth
    22 | D        | Gained mutation: You are afflicted with vampirism and can
                  | become a bat while bloodless. [Vampire growth]
    22 | D        | Reached XP level 3. HP: 22/22 MP: 3/3
    23 | D        | Noticed a scorpion
    23 | D        | Found the amulet of invisibility {+Inv}
    25 | D        | Killed a scorpion
    26 | D        | Reached skill level 12 in Stealth
    26 | D        | Reached XP level 4. HP: 27/27 MP: 4/4
    43 | D        | Found an opulent altar of Gozag.
    43 | D        | Found a hazy altar of Hepliaklqana.
    43 | D        | Found a burning altar of Makhleb.
    43 | D        | Found a sparkling altar of Nemelex Xobeh.
    43 | D        | Found a snail-covered altar of Cheibriados.
    43 | D        | Found a sacrificial altar of Ru.
    43 | D        | Found a shimmering blue altar of Sif Muna.
    43 | D        | Found a shimmering altar of Xom.
    43 | D        | Found a basalt altar of Yredelemnul.
    44 | D        | Found a viscous altar of Jiyva.
    44 | D        | Found a bloodstained altar of Trog.
    44 | D        | Found an ornate altar of the Wu Jian Council.
    45 | D        | Found an iron altar of Okawaru.
    45 | D        | Found a shadowy altar of Dithmenos.
    46 | D        | Found an ancient bone altar of Kikubaaqudgha.
    46 | D        | Found a hide-covered altar of Uskayaw.
   312 | D        | Reached skill level 13 in Stealth
   328 | D        | Found a stormy altar of Qazlal.
   329 | D        | Found a corrupted altar of Lugonu.
   329 | D        | Found a radiant altar of Vehumet.
   331 | D        | HP: 1/28 [oklob sapling priest/splash of acid (27)]
   338 | D        | Killed from afar by an oklob sapling priest

Illustrated notes

Levels and vault maps discovered:
D:        dungeon_sprint_fedhas [sprint_temple]

Skill      XL: |  1  2  3  4 |
---------------+-------------+-----
Fighting       | 2 3 |  3.1
Stealth        | 7 10 12 13 | 13.1
Short Blades   | 3 4 |  4.1
Dodging        | 2 3 |  3.5
Throwing       | |  1.5

Action                   |  1- 3 |  4- 6 || total
-------------------------+-------+-------++-------
Melee: Dagger            |     4 |     7 ||    11
       Bite              |       |     2 ||     2
 Abil: Exsanguinate      |     1 |       ||     1
  Use: Potion            |       |     1 ||     1
 Stab: Sleeping          |     4 |     1 ||     5
